[Event "GambitGuide"]
[Site "Internet Chess Club"]
[Date "2014.10.31"]
[Round "1"]
[White "JSBach"]
[Black "jumush"]
[Result "1-0"]
[ICCResult "Black resigns"]
[WhiteElo "1639"]
[BlackElo "1723"]
[Opening "Vienna: `Frankenstein-Dracula' variation"]
[ECO "C27"]
[NIC "VG.02"]
[Time "12:05:23"]
[TimeControl "120+12"]

1. e4 e5 2. Nc3 Nf6 3. Bc4 Nxe4 4. Qh5 Nd6 5. Bb3 Nc6 6. Nb5 g6 7. Qf3 f5 8.
Qd5 Qe7 9. Nxc7+ Kd8 10. Nxa8 b6 11. d3 Bg7 12. h4 Qe6 13. Bg5+ Ne7 14. Nc7
Qxd5 15. Nxd5 Bf8 16. Bf6 Rg8 17. Nxe7 Bxe7 18. Bxe7+ Kxe7 19. Bxg8 Bb7 20.
Rh2 h6 21. O-O-O a5 22. d4 e4 23. Ne2 Nc4 24. Bxc4 d5 25. Bb3 b5 26. Nc3 Bc6
27. Bxd5 Bxd5 28. Nxd5+ Kd6 29. Nc3 h5 30. Nxb5+ {Black resigns} 1-0

[Event "GambitGuide"]
[Site "Internet Chess Club"]
[Date "2014.10.31"]
[Round "1"]
[White "JSBach"]
[Black "infiniteshug"]
[Result "1-0"]
[ICCResult "Black resigns"]
[WhiteElo "1639"]
[BlackElo "1482"]
[Opening "Vienna: `Frankenstein-Dracula' variation"]
[ECO "C27"]
[NIC "VG.02"]
[Time "12:06:08"]
[TimeControl "120+12"]

1. e4 e5 2. Nc3 Nf6 3. Bc4 Nxe4 4. Qh5 Nd6 5. Bb3 Nc6 6. Nb5 g6 7. Qf3 f5 8.
Qd5 Qe7 9. Nxc7+ Kd8 10. Nxa8 b6 11. d3 Bb7 12. Nxb6 axb6 13. Qf3 Nd4 14.
Qg3 f4 15. Qg4 Bg7 16. Ba4 b5 17. Bb3 g5 18. h4 h5 19. Qxg5 Bf6 20. Qg6 e4
21. Bxf4 exd3+ 22. Kf1 dxc2 23. Bxc2 Nxc2 24. Qxc2 Be4 25. Bxd6 {Black
resigns} 1-0

[Event "GambitGuide"]
[Site "Internet Chess Club"]
[Date "2014.10.31"]
[Round "1"]
[White "JSBach"]
[Black "Joennyxan"]
[Result "1-0"]
[ICCResult "Black resigns"]
[WhiteElo "1639"]
[BlackElo "843"]
[Opening "Vienna: `Frankenstein-Dracula' variation"]
[ECO "C27"]
[NIC "VG.02"]
[Time "12:05:33"]
[TimeControl "120+12"]

1. e4 e5 2. Nc3 Nf6 3. Bc4 Nxe4 4. Qh5 Nd6 5. Bb3 Nc6 6. Nb5 g6 7. Qf3 f5 8.
Qd5 Qe7 9. Nxc7+ Kd8 10. Nxa8 b6 11. d3 e4 12. dxe4 Nxe4 13. Be3 Qb4+ 14. c3
Nxc3 15. Qd2 Bb7 16. bxc3 {Black resigns} 1-0

[Event "GambitGuide"]
[Site "Internet Chess Club"]
[Date "2014.10.31"]
[Round "1"]
[White "JSBach"]
[Black "charliet"]
[Result "1-0"]
[ICCResult "Black resigns"]
[WhiteElo "1639"]
[BlackElo "1348"]
[Opening "Vienna: `Frankenstein-Dracula' variation"]
[ECO "C27"]
[NIC "VG.02"]
[Time "12:04:52"]
[TimeControl "120+12"]

1. e4 e5 2. Nc3 Nf6 3. Bc4 Nxe4 4. Qh5 Nd6 5. Bb3 Nc6 6. Nb5 g6 7. Qf3 f5 8.
Qd5 Qe7 9. Nxc7+ Kd8 10. Nxa8 b6 11. d3 Bb7 12. Nxb6 axb6 13. Qf3 Bg7 14.
Be3 Nd4 15. Qh3 Nxb3 16. Bxb6+ Ke8 17. axb3 e4 18. d4 Nc8 19. Ba7 Nxa7 20.
Rxa7 Bc6 21. c3 Qf6 22. Qg3 Bh6 23. Qc7 Qe6 24. Qc8+ Ke7 25. Qxh8 Qf7 26. b4
Bg7 27. Qxh7 Qf6 28. Qg8 Qf7 29. Qc8 Bh6 30. Qxc6 {Black resigns} 1-0

[Event "GambitGuide"]
[Site "Internet Chess Club"]
[Date "2014.10.31"]
[Round "1"]
[White "JSBach"]
[Black "pokerram"]
[Result "1-0"]
[ICCResult "Black checkmated"]
[WhiteElo "1639"]
[BlackElo "1341"]
[Opening "Vienna: `Frankenstein-Dracula' variation"]
[ECO "C27"]
[NIC "VG.02"]
[Time "12:06:32"]
[TimeControl "120+12"]

1. e4 e5 2. Nc3 Nf6 3. Bc4 Nxe4 4. Qh5 Nd6 5. Bb3 Nc6 6. Nb5 g6 7. Qf3 f5 8.
Qd5 Qe7 9. Nxc7+ Kd8 10. Nxa8 b6 11. d3 Nb4 12. Qf3 f4 13. Bd2 Bb7 14. Qg4
Bxa8 15. Bxb4 a5 16. Bc3 h5 17. Qxg6 Nb5 18. Qxb6+ Nc7 19. Qb8#
{Black checkmated}
1-0

[Event "GambitGuide"]
[Site "Internet Chess Club"]
[Date "2014.10.31"]
[Round "1"]
[White "JSBach"]
[Black "Pdforma"]
[Result "1-0"]
[ICCResult "Black resigns"]
[WhiteElo "1639"]
[BlackElo "1400"]
[Opening "Vienna: `Frankenstein-Dracula' variation"]
[ECO "C27"]
[NIC "VG.02"]
[Time "12:06:22"]
[TimeControl "120+12"]

1. e4 e5 2. Nc3 Nf6 3. Bc4 Nxe4 4. Qh5 Nd6 5. Bb3 Nc6 6. Nb5 g6 7. Qf3 f5 8.
Qd5 Qe7 9. Nxc7+ Kd8 10. Nxa8 b6 11. d3 Bb7 12. Nxb6 axb6 13. Qf3 Kc7 14. c3
Nd4 15. Qg3 Nxb3 16. axb3 f4 17. Qg4 Qe6 18. Qxe6 dxe6 19. f3 Bg7 20. Bd2
Ra8 21. Rxa8 Bxa8 22. Ne2 Kc6 23. Kf2 b5 24. Ra1 Bb7 25. c4 bxc4 26. dxc4 e4
27. Nxf4 exf3 28. gxf3 Bxb2 29. Rd1 e5 30. Ne6 Bc8 31. Nf8 Bd4+ 32. Ke2 h5
33. Nxg6 Bf5 34. Ne7+ {Black resigns} 1-0

[Event "GambitGuide"]
[Site "Internet Chess Club"]
[Date "2014.10.31"]
[Round "1"]
[White "JSBach"]
[Black "almoehi"]
[Result "1-0"]
[ICCResult "Black resigns"]
[WhiteElo "1639"]
[BlackElo "1458"]
[Opening "Vienna: `Frankenstein-Dracula' variation"]
[ECO "C27"]
[NIC "VG.02"]
[Time "12:06:40"]
[TimeControl "120+12"]

1. e4 e5 2. Nc3 Nf6 3. Bc4 Nxe4 4. Qh5 Nd6 5. Bb3 Nc6 6. Nb5 g6 7. Qf3 f5 8.
Qd5 Qe7 9. Nxc7+ Kd8 10. Nxa8 b6 11. d3 e4 12. dxe4 Nxe4 13. Be3 f4 14. Nxb6
fxe3 15. O-O-O axb6 16. Qxc6 Bh6 17. Qxb6+ Ke8 18. fxe3 Nf2 19. Qb8 Bxe3+
20. Kb1 Qc5 21. Rd5 Qc6 22. Qe5+ Kd8 23. Qxh8+ Kc7 24. Qe5+ {Black resigns}
1-0

[Event "GambitGuide"]
[Site "Internet Chess Club"]
[Date "2014.10.31"]
[Round "1"]
[White "JSBach"]
[Black "nsideurheadbro"]
[Result "1-0"]
[ICCResult "Black checkmated"]
[WhiteElo "1639"]
[BlackElo "1184"]
[Opening "Vienna: `Frankenstein-Dracula' variation"]
[ECO "C27"]
[NIC "VG.02"]
[Time "12:06:41"]
[TimeControl "120+12"]

1. e4 e5 2. Nc3 Nf6 3. Bc4 Nxe4 4. Qh5 Nd6 5. Bb3 Nc6 6. Nb5 g6 7. Qf3 f5 8.
Qd5 Qe7 9. Nxc7+ Kd8 10. Nxa8 b6 11. d3 Bb7 12. Nxb6 axb6 13. Qf3 e4 14. Qe3
Ba6 15. Qxb6+ Ke8 16. Qxa6 exd3+ 17. Be3 f4 18. Qxd3 fxe3 19. Qxe3 Ne5 20.
Bd5 Bg7 21. Rd1 Rf8 22. Ne2 Nf5 23. Qb6 Qg5 24. f4 Qxg2 25. Qb8+ Ke7 26.
Qb4+ Nd6 27. Bxg2 Nc4 28. b3 Ne3 29. Qxd6+ Kd8 30. Qxd7# {Black checkmated}
1-0

[Event "GambitGuide"]
[Site "Internet Chess Club"]
[Date "2014.10.31"]
[Round "1"]
[White "JSBach"]
[Black "jumush"]
[Result "1-0"]
[ICCResult "Black resigns"]
[WhiteElo "1639"]
[BlackElo "1723"]
[Opening "Vienna: `Frankenstein-Dracula' variation"]
[ECO "C27"]
[NIC "VG.02"]
[Time "12:06:46"]
[TimeControl "120+12"]

1. e4 e5 2. Nc3 Nf6 3. Bc4 Nxe4 4. Qh5 Nd6 5. Bb3 Nc6 6. Nb5 g6 7. Qf3 f5 8.
Qd5 Qe7 9. Nxc7+ Kd8 10. Nxa8 b6 11. d3 Nd4 12. h4 h6 13. f4 Bg7 14. fxe5
Bxe5 15. Be3 Bb7 16. Nxb6 axb6 17. O-O-O Bxd5 18. Bxd5 f4 19. Bd2 Qf6 20.
Re1 Re8 21. c3 N4f5 22. d4 Bxd4 23. Rxe8+ Nxe8 24. cxd4 Nxd4 25. Nh3 g5 26.
hxg5 hxg5 27. Re1 Nc7 28. Be4 Qd6 29. Nxg5 Qc5+ 30. Bc3 Qxg5 31. Bxd4 f3+
32. Be3 Qxg2 33. Rg1 f2 34. Bxg2 fxg1=Q+ 35. Bxg1 Ne6 36. Bxb6+ Ke7 37. a4
{Black resigns}
1-0

[Event "GambitGuide"]
[Site "Internet Chess Club"]
[Date "2014.10.31"]
[Round "1"]
[White "JSBach"]
[Black "infiniteshug"]
[Result "0-1"]
[ICCResult "White checkmated"]
[WhiteElo "1639"]
[BlackElo "1482"]
[Opening "Vienna: `Frankenstein-Dracula' variation"]
[ECO "C27"]
[NIC "VG.02"]
[Time "12:06:58"]
[TimeControl "120+12"]

1. e4 e5 2. Nc3 Nf6 3. Bc4 Nxe4 4. Qh5 Nd6 5. Bb3 Nc6 6. Nb5 g6 7. Qf3 f5 8.
Qd5 Qe7 9. Nxc7+ Kd8 10. Nxa8 b6 11. d3 Bb7 12. Nxb6 axb6 13. Qf3 Nd4 14.
Qg3 f4 15. Qg4 Bg7 16. Ba4 b5 17. Bb3 Bf6 18. Ne2 g5 19. Nxd4 exd4+ 20. Kf1
h5 21. Qd1 h4 22. a4 h3 23. f3 g4 24. Kf2 hxg2 25. Re1 Bh4+ 26. Kg1 Bxe1 27.
Bxf4 Bb4 28. fxg4 bxa4 29. Bxa4 Qf6 30. Bg3 Qe6 31. Bf2 Rf8 32. Bb3 Qe7 33.
Qc1 Qf6 34. Bg3 Nf7 35. Qf4 Qxf4 36. Bxf4 Bd6 37. Bxd6 Nxd6 38. g5 Nf5 39.
Ra7 Kc8 40. h3 Ne3 41. Bf7 Rxf7 42. Kh2 Rf1 43. Kg3 g1=Q+ 44. Kh4 Rf4+ 45.
Kh5 Bf3+ 46. Kg6 Rf5 47. h4 Qg4 48. Kg7 Qxh4 49. c3 Qxg5+ 50. Kh7 Qh4+ 51.
Kg8 Qg4+ 52. Kh7 Rh5# {White checkmated} 0-1

[Event "GambitGuide"]
[Site "Internet Chess Club"]
[Date "2014.10.31"]
[Round "1"]
[White "JSBach"]
[Black "ChijFrioTico"]
[Result "1-0"]
[ICCResult "Black resigns"]
[WhiteElo "1639"]
[BlackElo "1400"]
[Opening "Vienna: `Frankenstein-Dracula' variation"]
[ECO "C27"]
[NIC "VG.02"]
[Time "12:09:03"]
[TimeControl "120+12"]

1. e4 e5 2. Nc3 Nf6 3. Bc4 Nxe4 4. Qh5 Nd6 5. Bb3 Nc6 6. Nb5 g6 7. Qf3 f5 8.
Qd5 Qe7 9. Nxc7+ Kd8 10. Nxa8 b6 11. d3 e4 12. dxe4 Nxe4 13. Be3 f4 14. Nxb6
axb6 15. Bxb6+ Ke8 16. O-O-O {Black resigns} 1-0

[Event "GambitGuide"]
[Site "Internet Chess Club"]
[Date "2014.10.31"]
[Round "1"]
[White "JSBach"]
[Black "Pdforma"]
[Result "1-0"]
[ICCResult "Black resigns"]
[WhiteElo "1639"]
[BlackElo "1400"]
[Opening "Vienna: `Frankenstein-Dracula' variation"]
[ECO "C27"]
[NIC "VG.02"]
[Time "12:08:23"]
[TimeControl "120+12"]

1. e4 e5 2. Nc3 Nf6 3. Bc4 Nxe4 4. Qh5 Nd6 5. Bb3 Nc6 6. Nb5 g6 7. Qf3 f5 8.
Qd5 Qe7 9. Nxc7+ Kd8 10. Nxa8 b6 11. d3 Bb7 12. Nxb6 axb6 13. Qf3 e4 14. Qe3
exd3 15. cxd3 Qxe3+ 16. Bxe3 Ne5 17. Bd4 Bg7 18. Kf1 Nb5 19. Bxb6+ Kc8 20.
Rc1+ Kb8 21. Bc2 Ng4 22. b4 Bb2 23. Re1 Bc3 24. Rc1 Bxb4 25. a4 Nc3 26. Bd4
Nd5 27. Bxh8 {Black resigns} 1-0

[Event "GambitGuide"]
[Site "Internet Chess Club"]
[Date "2014.10.31"]
[Round "1"]
[White "JSBach"]
[Black "Lawrence"]
[Result "1/2-1/2"]
[ICCResult "Game drawn by repetition"]
[WhiteElo "1639"]
[BlackElo "1540"]
[Opening "Vienna: `Frankenstein-Dracula' variation"]
[ECO "C27"]
[NIC "VG.02"]
[Time "12:06:22"]
[TimeControl "120+12"]

1. e4 e5 2. Nc3 Nf6 3. Bc4 Nxe4 4. Qh5 Nd6 5. Bb3 Nc6 6. Nb5 g6 7. Qf3 f5 8.
Qd5 Qe7 9. Nxc7+ Kd8 10. Nxa8 b6 11. d3 Bb7 12. Nxb6 axb6 13. Qf3 Nd4 14.
Qh3 e4 15. Be3 exd3 16. O-O-O Nxb3+ 17. cxb3 Kc7 18. Rxd3 Bc6 19. Rc3 Kb7
20. Nf3 Ne4 21. Rc2 Bg7 22. Rd1 Rc8 23. Kb1 h6 24. Ka1 Ra8 25. Bxh6 Rh8 26.
g4 Rxh6 27. Qg2 Rh8 28. gxf5 gxf5 29. Rg1 Bf6 30. Qg6 Rf8 31. Rgc1 Nc5 32.
Re1 Ne4 33. Rec1 Nc5 34. Re1 Ne4 35. Rec1 Nc5 36. Re1 Ne4 37. Rec1
{Game drawn by repetition}
1/2-1/2

[Event "GambitGuide"]
[Site "Internet Chess Club"]
[Date "2014.10.31"]
[Round "1"]
[White "JSBach"]
[Black "pokerram"]
[Result "1-0"]
[ICCResult "Black resigns"]
[WhiteElo "1639"]
[BlackElo "1341"]
[Opening "Vienna: `Frankenstein-Dracula' variation"]
[ECO "C27"]
[NIC "VG.02"]
[Time "12:07:58"]
[TimeControl "120+12"]

1. e4 e5 2. Nc3 Nf6 3. Bc4 Nxe4 4. Qh5 Nd6 5. Bb3 Nc6 6. Nb5 g6 7. Qf3 f5 8.
Qd5 Qe7 9. Nxc7+ Kd8 10. Nxa8 b6 11. d3 Nb4 12. Qf3 h6 13. Bd2 Bb7 14. Qg3
g5 15. Bxb4 Bxa8 16. Rd1 e4 17. Bxd6 Qxd6 18. Qxd6 Bxd6 19. dxe4 Bb4+ 20. c3
Bc5 21. Be6 Bxe4 22. Rxd7+ Ke8 23. f3 Bc2 24. Kd2 Ba4 25. Rxa7 Bb5 26. Ra8+
Ke7 27. Rxh8 Kxe6 28. Rxh6+ Kf7 29. h4 f4 30. hxg5 Be3+ 31. Kc2 Kg7 32. Re6
{Black resigns}
1-0

[Event "GambitGuide"]
[Site "Internet Chess Club"]
[Date "2014.10.31"]
[Round "1"]
[White "JSBach"]
[Black "charliet"]
[Result "0-1"]
[ICCResult "White checkmated"]
[WhiteElo "1639"]
[BlackElo "1348"]
[Opening "Vienna: `Frankenstein-Dracula' variation"]
[ECO "C27"]
[NIC "VG.02"]
[Time "12:08:04"]
[TimeControl "120+12"]

1. e4 e5 2. Nc3 Nf6 3. Bc4 Nxe4 4. Qh5 Nd6 5. Bb3 Nc6 6. Nb5 g6 7. Qf3 f5 8.
Qd5 Qe7 9. Nxc7+ Kd8 10. Nxa8 b6 11. d3 Bb7 12. Nxb6 axb6 13. Qf3 Nd4 14.
Qh3 Bg7 15. Be3 Nxb3 16. Bxb6+ Ke8 17. axb3 e4 18. d4 Nb5 19. Ra4 Bc6 20.
Rc4 Nd6 21. Rc3 Nb5 22. Rc4 Qd6 23. Bc5 Qe6 24. Qe3 Nd6 25. Bxd6 Qxd6 26. b4
Bb5 27. Rc8+ Ke7 28. Rxh8 Bxh8 29. c3 Bd3 30. Qh6 Kf7 31. Qxh7+ Bg7 32. Ne2
Qa6 33. Nc1 Qa1 34. Kd1 Qxb2 35. Nxd3 exd3 36. Qxg7+ Kxg7 37. g4 Qc2+ 38.
Ke1 Qe2# {White checkmated} 0-1

[Event "GambitGuide"]
[Site "Internet Chess Club"]
[Date "2014.10.31"]
[Round "1"]
[White "JSBach"]
[Black "Pdforma"]
[Result "1-0"]
[ICCResult "Black resigns"]
[WhiteElo "1639"]
[BlackElo "1400"]
[Opening "Vienna: `Frankenstein-Dracula' variation"]
[ECO "C27"]
[NIC "VG.02"]
[Time "12:10:08"]
[TimeControl "120+12"]

1. e4 e5 2. Nc3 Nf6 3. Bc4 Nxe4 4. Qh5 Nd6 5. Bb3 Nc6 6. Nb5 g6 7. Qf3 f5 8.
Qd5 Qe7 9. Nxc7+ Kd8 10. Nxa8 b6 11. d3 Bb7 12. Nxb6 axb6 13. Qf3 Nd4 14.
Qh3 Bc8 15. Be3 N6b5 16. c4 Nxb3 17. Bxb6+ Nc7 18. Bxc7+ Kxc7 19. axb3 d5
20. Ra7+ Bb7 21. Qe3 Qb4+ 22. Kf1 Bc5 23. Qxe5+ Bd6 24. Qxh8 Qxb3 25. Qxh7+
Kc6 26. cxd5+ Kc5 27. Ra5+ Kb4 28. Qxb7+ Kxa5 29. Qxb3 {Black resigns} 1-0

[Event "GambitGuide"]
[Site "Internet Chess Club"]
[Date "2014.10.31"]
[Round "1"]
[White "JSBach"]
[Black "ChijFrioTico"]
[Result "1-0"]
[ICCResult "Black resigns"]
[WhiteElo "1639"]
[BlackElo "1400"]
[Opening "Vienna: `Frankenstein-Dracula' variation"]
[ECO "C27"]
[NIC "VG.02"]
[Time "12:10:21"]
[TimeControl "120+12"]

1. e4 e5 2. Nc3 Nf6 3. Bc4 Nxe4 4. Qh5 Nd6 5. Bb3 Nc6 6. Nb5 g6 7. Qf3 f5 8.
Qd5 Qe7 9. Nxc7+ Kd8 10. Nxa8 b6 11. d3 Bb7 12. Nxb6 axb6 13. Qf3 e4 14.
dxe4 Nxe4 15. Be3 Bg7 16. Bxb6+ Kc8 17. Qe3 Bxb2 18. Rb1 Bc3+ 19. Kd1 Qd6+
20. Qd3 Qf4 21. Bd5 Bg7 22. Ke1 Re8 23. Ne2 Qxf2+ 24. Bxf2 {Black resigns}
1-0

[Event "GambitGuide"]
[Site "Internet Chess Club"]
[Date "2014.10.31"]
[Round "1"]
[White "JSBach"]
[Black "jumush"]
[Result "1-0"]
[ICCResult "Black resigns"]
[WhiteElo "1639"]
[BlackElo "1723"]
[Opening "Vienna: `Frankenstein-Dracula' variation"]
[ECO "C27"]
[NIC "VG.02"]
[Time "12:09:32"]
[TimeControl "120+12"]

1. e4 e5 2. Nc3 Nf6 3. Bc4 Nxe4 4. Qh5 Nd6 5. Bb3 Nc6 6. Nb5 g6 7. Qf3 f5 8.
Qd5 Qe7 9. Nxc7+ Kd8 10. Nxa8 b6 11. d3 Nd4 12. h4 h6 13. Kd2 Bb7 14. Nxb6
axb6 15. Kd1 Bxd5 16. Bxd5 Bg7 17. c3 Nc6 18. Be3 b5 19. Ke1 Bf6 20. h5 g5
21. a4 bxa4 22. Rxa4 f4 23. Bb6+ Ke8 24. Ra8+ Nd8 25. Bxd8 Qxd8 26. Rxd8+
Kxd8 27. b4 Kc7 28. Ne2 g4 29. Kd2 Bg5 30. Kc2 Rb8 31. Ra1 Kd8 32. Ra7 Ke7
33. Bc6 Rd8 34. d4 e4 35. b5 Nc8 36. Rb7 Kd6 37. Bxe4 Re8 38. f3 gxf3 39.
Bxf3 Ne7 40. Bg4 Rd8 41. Bf3 Nd5 42. b6 Ne3+ 43. Kd3 Re8 44. Ra7 Nd5 45.
Bxd5 Re3+ 46. Kd2 Kxd5 47. Rxd7+ Kc6 48. Rf7 Rg3 49. b7 f3+ 50. Ke1 fxg2 51.
b8=Q g1=Q+ 52. Nxg1 Rxg1+ 53. Kf2 {Black resigns} 1-0

[Event "GambitGuide"]
[Site "Internet Chess Club"]
[Date "2014.10.31"]
[Round "1"]
[White "JSBach"]
[Black "Anunnaki"]
[Result "0-1"]
[ICCResult "White checkmated"]
[WhiteElo "1639"]
[BlackElo "1672"]
[Opening "Vienna: `Frankenstein-Dracula' variation"]
[ECO "C27"]
[NIC "VG.02"]
[Time "12:10:32"]
[TimeControl "120+12"]

1. e4 e5 2. Nc3 Nf6 3. Bc4 Nxe4 4. Qh5 Nd6 5. Bb3 Nc6 6. Nb5 g6 7. Qf3 f5 8.
Qd5 Qe7 9. Nxc7+ Kd8 10. Nxa8 b6 11. d3 Bb7 12. Nxb6 axb6 13. Qf3 Nd4 14.
Qg3 f4 15. Qg4 e4 16. Kf1 exd3 17. cxd3 Ba6 18. Qh3 f3 19. gxf3 Bxd3+ 20.
Kg2 N6f5 21. Ba4 Nh4+ 22. Kg3 Ndf5+ 23. Qxf5 Nxf5+ 24. Kg2 Bg7 25. h3 Be5
26. f4 Bd4 27. Nf3 Be4 28. Bd1 Nh4+ 29. Kg3 Nxf3 30. Bxf3 Bxf3 31. Kxf3 Re8
32. Be3 Qe4+ 33. Kg3 Bxe3 34. fxe3 Qxe3+ 35. Kg2 Qe2+ 36. Kg1 Re3 37. Rh2
Rg3+ 38. Kh1 Qf3+ 39. Rg2 Qxg2# {White checkmated} 0-1

[Event "GambitGuide"]
[Site "Internet Chess Club"]
[Date "2014.10.31"]
[Round "1"]
[White "JSBach"]
[Black "lebko"]
[Result "1/2-1/2"]
[ICCResult "Game drawn because neither player has mating material"]
[WhiteElo "1639"]
[BlackElo "1864"]
[Opening "Vienna: `Frankenstein-Dracula' variation"]
[ECO "C27"]
[NIC "VG.02"]
[Time "12:08:41"]
[TimeControl "120+12"]

1. e4 e5 2. Nc3 Nf6 3. Bc4 Nxe4 4. Qh5 Nd6 5. Bb3 Nc6 6. Nb5 g6 7. Qf3 f5 8.
Qd5 Qe7 9. Nxc7+ Kd8 10. Nxa8 b6 11. d3 Bb7 12. Nxb6 axb6 13. Qf3 Na5 14.
Qh3 Nxb3 15. axb3 Kc7 16. b4 Bg7 17. Nf3 Bf6 18. O-O g5 19. Qg3 f4 20. Qh3
h5 21. Ra3 g4 22. Rc3+ Kd8 23. Be3 fxe3 24. Qg3 gxf3 25. gxf3 Qg7 26. fxe3
Qxg3+ 27. hxg3 e4 28. dxe4 Bxc3 29. bxc3 Rg8 30. Kf2 Nb5 31. Rh1 Rg5 32. Ra1
Nxc3 33. Ra7 Kc7 34. Ra3 Nb5 35. Ra1 Nd6 36. Ra7 Rb5 37. c3 Nc4 38. Ra4 Rg5
39. f4 Rg4 40. e5 d6 41. e6 b5 42. Ra1 Nb6 43. e7 Kd7 44. Ra7 Kxe7 45. Rxb7+
Nd7 46. Rxb5 h4 47. gxh4 Rxh4 48. Kg3 Rh1 49. Rg5 Kf6 50. Kf2 Rc1 51. Rd5
Ke6 52. Rd3 Nb6 53. e4 Nc4 54. b5 Rc2+ 55. Kg3 Rb2 56. Rd4 Nd2 57. c4 Rb3+
58. Kg4 Nb1 59. f5+ Ke7 60. Rd1 Na3 61. Rd4 Rc3 62. b6 Rb3 63. f6+ Ke6 64.
Kh5 Rxb6 65. Kg6 Rb4 66. f7 Rb8 67. Rd3 Nxc4 68. Kg7 Ne5 69. Rb3 Nxf7 70.
Rxb8 Ne5 71. Rf8 Ng4 72. Rf3 Ne5 73. Rc3 Nd7 74. Kh6 Ke5 75. Rc7 Nc5 76. Rc6
Nxe4 77. Kg6 Kd5 78. Rc8 Ke5 79. Re8+ Kd5 80. Kf5 Nc5 81. Re3 Nd7 82. Ra3
Nb6 83. Re3 Nc4 84. Re8 Ne5 85. Rb8 Nc6 86. Rb5+ Kc4 87. Rb1 d5 88. Rb6 Kc5
89. Rb2 d4 90. Ke6 d3 91. Rd2 Nb4 92. Ke5 Kc4 93. Ke4 Kc3 94. Rf2 d2 95. Rf1
Kc2 96. Rf2 Kc1 97. Rf1+ d1=Q 98. Rxd1+ Kxd1
{Game drawn because neither player has mating material}
1/2-1/2

[Event "GambitGuide"]
[Site "Internet Chess Club"]
[Date "2014.10.31"]
[Round "1"]
[White "JSBach"]
[Black "MikeSno"]
[Result "1-0"]
[ICCResult "Black resigns"]
[WhiteElo "1639"]
[BlackElo "1288"]
[Opening "Vienna: `Frankenstein-Dracula' variation"]
[ECO "C27"]
[NIC "VG.02"]
[Time "12:05:52"]
[TimeControl "120+12"]

1. e4 e5 2. Nc3 Nf6 3. Bc4 Nxe4 4. Qh5 Nd6 5. Bb3 Nc6 6. Nb5 g6 7. Qf3 f5 8.
Qd5 Qe7 9. Nxc7+ Kd8 10. Nxa8 b6 11. d3 Bb7 12. Nxb6 axb6 13. Qf3 Nd4 14.
Qg3 f4 15. Qg4 Qf6 16. Ba4 b5 17. Bb3 h5 18. Qh3 g5 19. Bd2 g4 20. Ba5+ Kc8
21. c3 Nxb3 22. axb3 gxh3 23. Ne2 Bxg2 24. Rg1 e4 25. dxe4 Nxe4 26. Rd1 Bc5
27. Nd4 Re8 28. Nxb5 Bxf2+ 29. Ke2 f3+ 30. Kd3 Nc5+ 31. Kc4 Qa6 32. Kb4 Bxg1
33. Nd6+ Kb8 34. Bc7+ Ka8 35. Nxe8 Qb7+ 36. Ka5 Qa7+ 37. Kb5 Ne6 38. Bg3 f2
39. Bxf2 Bxf2 40. b4 Bc6+ 41. Kc4 Qa6+ 42. Kb3 Bd5+ 43. Rxd5 Qb7 44. Rxh5 d6
45. Ra5+ Kb8 46. Nxd6 Nc5+ 47. Rxc5 Bxc5 48. Nxb7 Kxb7 49. bxc5 Kc6 50. Kc4
{Black resigns}
1-0

[Event "GambitGuide"]
[Site "Internet Chess Club"]
[Date "2014.10.31"]
[Round "1"]
[White "JSBach"]
[Black "nsideurheadbro"]
[Result "1-0"]
[ICCResult "Black resigns"]
[WhiteElo "1639"]
[BlackElo "1184"]
[Opening "Vienna: `Frankenstein-Dracula' variation"]
[ECO "C27"]
[NIC "VG.02"]
[Time "12:09:44"]
[TimeControl "120+12"]

1. e4 e5 2. Nc3 Nf6 3. Bc4 Nxe4 4. Qh5 Nd6 5. Bb3 Nc6 6. Nb5 g6 7. Qf3 f5 8.
Qd5 Qe7 9. Nxc7+ Kd8 10. Nxa8 b6 11. d3 Bb7 12. Nxb6 axb6 13. Qf3 e4 14.
dxe4 Nxe4 15. Be3 Ne5 16. Bxb6+ Kc8 17. Qe3 Qb4+ 18. c3 Nxc3 19. Rc1 Nd3+
20. Qxd3 Qxb6 21. Qxc3+ Kb8 22. Qxh8 Qb4+ 23. Kf1 Ba6+ 24. Ne2 Kb7 25. Bd5+
Ka7 26. Rc7+ Kb6 27. Qe5 Bd6 28. Qc3 Bxe2+ 29. Kxe2 Qg4+ 30. Bf3 Qf4 31.
Rb7+ {Black resigns} 1-0

[Event "GambitGuide"]
[Site "Internet Chess Club"]
[Date "2014.10.31"]
[Round "1"]
[White "JSBach"]
[Black "Pdforma"]
[Result "1-0"]
[ICCResult "Black resigns"]
[WhiteElo "1639"]
[BlackElo "1400"]
[Opening "Vienna: `Frankenstein-Dracula' variation"]
[ECO "C27"]
[NIC "VG.02"]
[Time "12:11:41"]
[TimeControl "120+12"]

1. e4 e5 2. Nc3 Nf6 3. Bc4 Nxe4 4. Qh5 Nd6 5. Bb3 Nc6 6. Nb5 g6 7. Qf3 f5 8.
Qd5 Qe7 9. Nxc7+ Kd8 10. Nxa8 b6 11. d3 e4 12. dxe4 Nxe4 13. Be3 Nb4 14. Qb5
Bb7 15. Nxb6 axb6 16. Qxb6+ Kc8 17. Rd1 Bg7 18. c3 Nc6 19. Nf3 {Black
resigns} 1-0

[Event "GambitGuide"]
[Site "Internet Chess Club"]
[Date "2014.10.31"]
[Round "1"]
[White "JSBach"]
[Black "Pdforma"]
[Result "1-0"]
[ICCResult "Black resigns"]
[WhiteElo "1639"]
[BlackElo "1400"]
[Opening "Vienna: `Frankenstein-Dracula' variation"]
[ECO "C27"]
[NIC "VG.02"]
[Time "12:13:52"]
[TimeControl "120+12"]

1. e4 e5 2. Nc3 Nf6 3. Bc4 Nxe4 4. Qh5 Nd6 5. Bb3 Nc6 6. Nb5 g6 7. Qf3 f5 8.
Qd5 Qe7 9. Nxc7+ Kd8 10. Nxa8 b6 11. d3 Bb7 12. Nxb6 Na5 13. Qxa5
{Black resigns}
1-0

[Event "GambitGuide"]
[Site "Internet Chess Club"]
[Date "2014.10.31"]
[Round "1"]
[White "JSBach"]
[Black "sskumaran1"]
[Result "0-1"]
[ICCResult "White checkmated"]
[WhiteElo "1618"]
[BlackElo "1120"]
[Opening "Vienna: `Frankenstein-Dracula' variation"]
[ECO "C27"]
[NIC "VG.02"]
[Time "12:11:33"]
[TimeControl "120+12"]

1. e4 e5 2. Nc3 Nf6 3. Bc4 Nxe4 4. Qh5 Nd6 5. Bb3 Nc6 6. Nb5 g6 7. Qf3 f5 8.
Qd5 Qe7 9. Nxc7+ Kd8 10. Nxa8 b6 11. d3 Bb7 12. Nxb6 axb6 13. Qf3 e4 14.
dxe4 Ne5 15. Qe3 h5 16. Qxb6+ Kc8 17. f4 Nec4 18. Qc5+ Kb8 19. Bxc4 Qxe4+
20. Be3 Nxc4 21. Qa7+ Kc8 22. c3 Nxe3 23. Rc1 Nxg2+ 24. Kf2 Qxf4+ 25. Nf3
Qxf3+ 26. Kg1 Ne3 27. Qxb7+ Kxb7 28. h4 Qg2# {White checkmated} 0-1

[Event "GambitGuide"]
[Site "Internet Chess Club"]
[Date "2014.10.31"]
[Round "1"]
[White "JSBach"]
[Black "almoehi"]
[Result "1/2-1/2"]
[ICCResult "Game drawn by repetition"]
[WhiteElo "1618"]
[BlackElo "1458"]
[Opening "Vienna: `Frankenstein-Dracula' variation"]
[ECO "C27"]
[NIC "VG.02"]
[Time "12:08:57"]
[TimeControl "120+12"]

1. e4 e5 2. Nc3 Nf6 3. Bc4 Nxe4 4. Qh5 Nd6 5. Bb3 Nc6 6. Nb5 g6 7. Qf3 f5 8.
Qd5 Qe7 9. Nxc7+ Kd8 10. Nxa8 b6 11. d3 e4 12. dxe4 Nxe4 13. Be3 Qb4+ 14. c3
Nxc3 15. Qd2 Ne4 16. Qxb4 Nxb4 17. Rd1 Bb7 18. Bd4 Bxa8 19. Bxh8 Bc5 20. f3
Nf2 21. Ba4 Nbd3+ 22. Kd2 Nxd1 23. Bxd1 Nf2 24. Bf6+ Kc8 25. Bb3 Nxh1 26.
Ne2 Nf2 27. Nc3 h6 28. Bf7 g5 29. Bg7 g4 30. Ke2 gxf3+ 31. gxf3 Nh3 32. Bxh6
Ng1+ 33. Kd3 Nxf3 34. Bf4 Be7 35. Nd5 Bxd5 36. Bxd5 Nh4 37. h3 d6 38. Be6+
Kc7 39. Bg3 Kc6 40. Kc3 d5 41. Bxh4 Bxh4 42. Bxf5 a5 43. Kd3 Kc5 44. Be6 b5
45. Kd2 d4 46. Kd3 Bf2 47. a3 a4 48. Bf5 b4 49. Bd7 bxa3 50. bxa3 Kb6 51.
Bxa4 Ka5 52. Bc6 Kb6 53. Bf3 Ka5 54. Bc6 Kb6 55. Bd5 Kc5 56. Be6 Kd6 57. Bf7
Kc5 58. a4 Kb4 59. Be8 Ka5 60. Bc6 Kb4 61. Bd7 Ka5 62. Bc6 Kb4 63. Bb5 Ka5
64. Bc6 Kb4 65. Bd7 Ka5 66. Bc6 {Game drawn by repetition} 1/2-1/2